 Dungeon Crawl Stone Soup version 0.29.1-1-gd02db6906a (webtiles) character file.

Game seed: 13790761965898636938

169 Ashen the Chiller (level 5, -3/38 HPs)
             Began as a Demonspawn Ice Elementalist on Sept 16, 2022.
             Slain by a gnoll
             ... wielding a +0 whip
              (6 damage)
             ... on level 4 of the Dungeon.
             The game lasted 00:04:43 (3931 turns).

Ashen the Chiller (Demonspawn Ice Elementalist)     Turns: 3931, Time: 00:04:43

Health: -3/38      AC:  3    Str:  8    XL:     5   Next: 25%
Magic:  3/9        EV:  6    Int: 19    God:
Gold:   117        SH:  0    Dex: 13    Spells: 8/9 levels left

rFire   + . .      SeeInvis .   o - +0 falchion
rCold   . . .      Faith    .   (no shield)
rNeg    . . .      Spirit   .   a - +0 robe
rPois   .          Reflect  .   (no helmet)
rElec   .          Harm     .   i - +0 cloak
rCorr   .          Rampage  .   (no gloves)
Will    .....                   (no boots)
Stlth   ++........              (no amulet)
HPRegen 0.12/turn               h - ring of protection from fire
MPRegen 0.11/turn               (no ring)

@: held
A: claws 1, foul stench 2
a: no special abilities


You were on level 4 of the Dungeon.
You visited 1 branch of the dungeon, and saw 4 of its levels.

You collected 117 gold pieces.

Inventory:

Hand Weapons
 f - a +0 dagger
 o - a +0 falchion (weapon)
Armour
 a - a +0 robe (worn)
 i - a +0 cloak (worn)
Jewellery
 h - a ring of protection from fire (left claw)
Scrolls
 d - a scroll of vulnerability {unknown}
 e - a scroll of silence {unknown}
 g - 4 scrolls of identify {unknown}
 j - a scroll of enchant armour {unknown}
 m - a scroll of noise {unknown}
 n - a scroll of fear {unknown}
 p - a scroll of blinking {unknown}
Potions
 b - a potion of magic
 c - a potion of mutation {unknown}
 k - a potion of cancellation {unknown}
 l - a potion of attraction {unknown}
 q - a potion of berserk rage {unknown}
 r - 2 potions of flight {unknown}
 s - a potion of curing {unknown}


   Skills:
 + Level 1.9 Fighting
 + Level 2.7 Dodging
 + Level 2.8 Stealth
 + Level 2.8 Spellcasting
 + Level 4.2 Ice Magic


You had 8 spell levels left.
You knew the following spells:

 Your Spells              Type           Power      Damage    Failure   Level
a - Freeze                Ice            72%        1d9       2%          1

Your spell library contained the following spells:

 Spells                   Type           Power      Damage    Failure   Level
 Frozen Ramparts          Ice            36%        1d6       9%          3
 Ozocubu's Armour         Ice            18%        N/A       9%          3
 Hailstorm                Conj/Ice       10%        3d5       54%         4


Dungeon Overview and Level Annotations

Branches:
Dungeon (4/15)
 Temple: D:4-7

Altars:
Wu Jian
Xom

Shops:
D:2 :


Innate Abilities, Weirdness & Mutations

You have sharp fingernails.
You sometimes emit foul miasma when damaged in melee.


Message History

Confirm with . or Enter, or press ? or * to list all spells.
Aiming: Freeze (safe; 2% risk of failure)
Press: ? - help, Shift-Dir - straight line, f/p - gnoll
Aim: a gnoll, wielding a +0 whip (heavily wounded)
You freeze the gnoll!
You kill the gnoll!
The orc closely misses you.
A hobgoblin comes into view.
Casting: Freeze (safe; 2% risk of failure)
Confirm with . or Enter, or press ? or * to list all spells.
You don't know that spell.
You struggle against the net.
The orc hits you but does no damage. The gnoll barely misses you.
You tear a large gash into the net.
The orc hits you from afar with a +0 trident!
The gnoll hits you from afar with a +0 spear.
Casting: Freeze (safe; 2% risk of failure)
Confirm with . or Enter, or press ? or * to list all spells.
Aiming: Freeze (safe; 2% risk of failure)
Press: ? - help, Shift-Dir - straight line, f - gnoll
Aim: a gnoll, wielding a +0 whip You freeze the gnoll.
The gnoll is moderately wounded.
The orc hits you from afar with a +0 trident.
The gnoll hits you with a +0 whip. x2
* * * LOW HITPOINT WARNING * * *
You emit a cloud of foul miasma!
The gnoll hits you from afar with a +0 spear.
* * * LOW HITPOINT WARNING * * *
Casting: Freeze (safe; 2% risk of failure)
Confirm with . or Enter, or press ? or * to list all spells.
Aiming: Freeze (safe; 2% risk of failure)
Press: ? - help, Shift-Dir - straight line, f/p - gnoll
Aim: a gnoll, wielding a +0 whip (foul pestilence, moderately wounded)
You freeze the gnoll!
The gnoll is almost dead.
The orc hits you from afar with a +0 trident.
* * * LOW HITPOINT WARNING * * *
The gnoll hits you with a +0 whip.
You die...

###.....# #####.......#
#..... ............##
...... .....###.....#
#...... .............#
....... .............##
.......
#########.....###.......
#..##..#........
#.#####.@)o..... #.#
##gg...... #.# ..g......
..# #.g....... ..#
#......... ##.#
#......... ..........
..........


You could see 3 gnolls, an orc and a hobgoblin.

Vanquished Creatures
  An iguana (D:4)
  Ijyb (D:2)
  3 adders
  2 gnolls
  2 worms (D:3)
  2 dart slugs
  3 orcs (D:4)
  4 endoplasms
  2 giant cockroaches
  11 goblins
  7 hobgoblins
  2 jackals (D:1)
  5 kobolds
  A quokka (D:1)
  5 ball pythons
  5 bats
  4 frilled lizards
  3 rats (D:1)
63 creatures vanquished.

Notes
Turn   | Place    | Note
-------+----------+-------------------------------------------
     0 | D:1      | Ashen the Demonspawn Ice Elementalist began the quest for
                  | the Orb.
     0 | D:1      | Reached XP level 1. HP: 13/13 MP: 3/3
   477 | D:1      | Gained mutation: You have sharp fingernails. [demonic
                  | ancestry]
   477 | D:1      | Reached XP level 2. HP: 20/20 MP: 3/5
   915 | D:1      | Found a faded altar of an unknown god.
  1234 | D:1      | Reached XP level 3. HP: 24/25 MP: 3/6
  1236 | D:1      | Reached skill level 1 in Fighting
  1433 | D:2      | Noticed Ijyb
  1743 | D:2      | Found Onniul's Book Shop.
  2249 | D:2      | Gained mutation: You may rarely emit foul miasma when
                  | damaged in melee. [demonic ancestry]
  2249 | D:2      | Reached XP level 4. HP: 32/32 MP: 5/7
  2298 | D:2      | Paralysed by Ijyb for 5 turns
  2305 | D:2      | Paralysed by Ijyb for 5 turns
  2311 | D:2      | Killed Ijyb
  2312 | D:2      | Reached skill level 4 in Ice Magic
  2737 | D:3      | Found an ornate altar of the Wu Jian Council.
  3270 | D:3      | Found a shimmering altar of Xom.
  3447 | D:4      | Gained mutation: You sometimes emit foul miasma when
                  | damaged in melee. [demonic ancestry]
  3447 | D:4      | Reached XP level 5. HP: 29/38 MP: 5/9
  3931 | D:4      | Slain by a gnoll

Illustrated notes

Levels and vault maps discovered:
D:1:      minmay_arrival_stair_chambers, layout_loops_ring,
          shapermc_ecumenical_altar_mp_highgroup
D:2:      kennysheep_the_goblin_king, layout_basic, serial_shops, shop,
          nrook_uturn
D:3:      layout_basic, mainiacjoe_overflow_catwalk, general_overflow_altar,
          minmay_crystal_water
D:4:      layout_layer_cave, makhleb_blood_cavern_becter,
          nicolae_sif_muna_little_library, uniq_natasha

Skill      XL: |  1  2  3  4 |
---------------+-------------+-----
Stealth        | 2 |  2.8
Dodging        | 2 |  2.7
Fighting       | 1 |  1.9
Ice Magic      | 4 |  4.2
Spellcasting   | |  2.8

Action                   |  1- 3 |  4- 6 || total
-------------------------+-------+-------++-------
Melee: Unarmed           |    14 |       ||    14
       Dagger            |    22 |     6 ||    28
       Punch             |     1 |       ||     1
       Falchion          |       |    28 ||    28
 Cast: Freeze            |    45 |    30 ||    75
 Stab: Sleeping          |     7 |     2 ||     9
Armor: Robe              |    11 |    14 ||    25
Dodge: Dodged            |    40 |    37 ||    77
